 Dungeon Crawl Stone Soup version 0.24.0-124-g2791043dd8 (webtiles) character file.

Game seed: 7381697040079572940, levelgen mode: deterministic

5735 Johnny the Thaumaturge (level 10, -15/65 HPs)
             Began as a Deep Elf Earth Elementalist on Feb 14, 2020.
             Was a Priest of Dithmenos.
             Demolished by a two-headed ogre
             ... wielding a +0 giant club
              (17 damage)
             ... on level 10 of the Dungeon.
             The game lasted 00:12:41 (10278 turns).

Johnny the Thaumaturge (DEEE)                      Turns: 10278, Time: 00:12:42

Health: -15/65     AC:  5    Str:  3 (5)  XL:     10   Next: 48%
Magic:  22/34      EV: 13    Int: 27 (29) God:    Dithmenos [***...]
Gold:   396        SH:  3    Dex: 14 (15) Spells: 15/28 levels left

rFire    . . .     SeeInvis .   x - +2 dagger (drain)
rCold    . . .     Gourm    .   (no shield)
rNeg     + . .     Faith    .   c - +0 robe
rPois    .         Spirit   .   q - +0 helmet
rElec    .         Reflect  +   r - +0 cloak
rCorr    .         Harm     .   D - +0 pair of gloves
MR       +....                  (no boots)
Stlth    +++.......             A - +3 amulet of reflection
HPRegen  0.20/turn              a - ring of magical power
MPRegen  0.24/turn              i - ring of positive energy

@: brilliant, about to teleport, flying, very slightly contaminated, wreathed by
umbra
A: no striking features
a: Shadow Step, Renounce Religion


You were on level 10 of the Dungeon.
You worshipped Dithmenos.
Dithmenos was most pleased with you.
You were hungry.

You visited 1 branch of the dungeon, and saw 10 of its levels.

You collected 396 gold pieces.

Inventory:

Hand Weapons
 x - a +2 dagger of draining (weapon)
Missiles
 b - 196 stones (quivered)
Armour
 c - a +0 robe (worn)
 q - a +0 helmet (worn)
 r - a +0 cloak (worn)
 D - a +0 pair of gloves (worn)
 I - a +0 shield
Jewellery
 a - a ring of magical power (left hand)
 i - a ring of positive energy (right hand)
 m - an uncursed ring of fire
 A - a +3 amulet of reflection (around neck)
Wands
 p - a wand of digging (6)
 t - a wand of enslavement (7)
 v - a wand of iceblast (17)
 J - a wand of flame (26)
Scrolls
 e - a scroll of random uselessness {unknown}
 f - 3 scrolls of magic mapping {unknown}
 h - 2 scrolls of immolation {unknown}
 j - 4 scrolls of enchant weapon {unknown}
 k - 2 scrolls of teleportation
 l - 6 scrolls of remove curse
 s - a scroll of blinking {unknown}
 u - a scroll of fog {unknown}
 y - a scroll of enchant armour {unknown}
 C - a scroll of holy word {unknown}
 F - a scroll of fear {unknown}
 K - a scroll of noise {unknown}
Potions
 o - 3 potions of mutation
 w - a potion of agility
 z - a potion of degeneration
 B - 3 potions of might
Comestibles
 d - 20 rations


   Skills:
 * Level 8.4 Fighting
 - Level 2.4 Dodging
 - Level 2.4 Stealth
 + Level 5.6 Shields
 + Level 9.8 Spellcasting
 - Level 1.1 Transmutations
 + Level 8.5 Earth Magic


You had 15 spell levels left.
You knew the following spells:

 Your Spells              Type           Power        Failure   Level  Hunger
a - Sandblast             Erth           ######       1%          1    None
b - Stone Arrow           Conj/Erth      ######       1%          3    None
c - Lee's Rapid Deconstr  Erth           ######....   1%          5    ####...
d - Petrify               Tmut/Erth      ######..     1%          4    None

Your spell library contained the following spells:

 Spells                   Type           Power        Failure   Level  Hunger
 Passwall                 Tmut/Erth      ######..     1%          2    None


Dungeon Overview and Level Annotations

Branches:
Dungeon (10/15)            Temple (0/1) D:7            Lair (0/6) D:9
    Orc: D:9-12

Altars:
Ashenzari
Dithmenos
Elyvilon
Fedhas
Gozag
Kikubaaqudgha
Okawaru
Ru
Sif Muna
Trog
Xom
Yredelemnul
The Shining One

Shops:
D:3 *


Message History

It was a potion of flight.
You feel very buoyant.
You fly up into the air.
It was a potion of heal wounds.
You feel much better.
Your surroundings seem slightly different.
The two-headed ogre closely misses you. The two-headed ogre barely misses you.
Unknown command.
Aiming: Shadow Step
Press: ? - help, Dir - move target cursor, f - two-headed ogre, p - bullfrog
Aim: a two-headed ogre, wielding two +0 giant clubs (lightly wounded, lightly drained, umbra)
You step into the two-headed ogre's shadow.
The two-headed ogre seems less drained.
The two-headed ogre misses you.
The two-headed ogre hits you with a +0 giant club!!
* * * LOW HITPOINT WARNING * * *
Unknown command.
Okay, then.
As you read the scroll of teleportation, it crumbles to dust.
You feel strangely unstable. The two-headed ogre misses you.
The two-headed ogre hits you with a +0 giant club!
You die...

##### #...## #....+
#....# #F####
######.########
#..[..........#
#....@........+
#....O........#
##.....##..>.## #
#.....##....## #.
#.....##.....#
#..##...[.##<....#
#..........#...≈≈≈≈≈
#..........#.<≈≈#≈##
#+###.....##.≈≈##≈#


You could see a two-headed ogre and a bullfrog (petrified).

Vanquished Creatures
  A two-headed ogre (D:9)
  Pikel (D:8)
  A troll (D:9)
  2 hippogriffs
  Sigmund (D:3)
  A hungry ghost (D:7)
  2 wargs (D:9)
  A water moccasin (D:6)
  2 ice beasts
  4 orc warriors
  2 sky beasts
  A black bear (D:7)
  4 centaurs
  3 ogres
  A big kobold (D:7)
  3 bullfrogs
  A gnoll sergeant (D:8)
  2 scorpions
  6 killer bees (D:8)
  4 howler monkeys
  3 crimson imps (D:9)
  5 jellies
  4 orc priests
  8 hounds
  A centaur skeleton (D:8)
  2 iguanas
  3 orc wizards (D:5)
  2 worker ants
  A hound skeleton (D:9)
  Robin (D:3)
  13 gnolls
  13 adders
  A howler monkey skeleton (D:6)
  A shadow imp (D:7)
  6 oozes
  3 adder skeletons
  3 worms
  A dart slug (D:1)
  6 leopard geckos
  25 orcs
  2 giant cockroaches
  11 hobgoblins
  6 jackals
  16 kobolds
  7 quokkas
  3 ball pythons
  8 bats
  2 frilled lizards
  16 goblins
  A jackal zombie (D:5)
  A leopard gecko skeleton (D:8)
  A leopard gecko zombie (D:5)
  7 rats
226 creatures vanquished.

Vanquished Creatures (collateral kills)
  A kobold (D:7)
1 creature vanquished.

Vanquished Creatures (others)
  A slave (D:9)
  An orc wizard (D:9)
  2 orcs (D:9)
4 creatures vanquished.

Grand Total: 231 creatures vanquished

Notes
Turn   | Place    | Note
-------+----------+-------------------------------------------
     0 | D:1      | Johnny the Deep Elf Earth Elementalist began the quest for
                  | the Orb.
     0 | D:1      | Reached XP level 1. HP: 10/10 MP: 6/6
   478 | D:1      | Reached XP level 2. HP: 16/16 MP: 8/8
   486 | D:1      | Reached skill level 1 in Fighting
   939 | D:2      | Reached XP level 3. HP: 10/20 MP: 10/10
  1728 | D:2      | Reached XP level 4. HP: 22/26 MP: 11/11
  2189 | D:2      | Noticed an ogre
  2196 | D:2      | Killed an ogre
  2196 | D:2      | Reached skill level 4 in Spellcasting
  2196 | D:2      | Reached XP level 5. HP: 28/31 MP: 13/13
  2498 | D:3      | Noticed a centaur
  2503 | D:3      | Killed a centaur
  2503 | D:3      | Reached skill level 1 in Shields
  2627 | D:3      | Learned a level 3 spell: Stone Arrow
  2633 | D:3      | Learned a level 5 spell: Lee's Rapid Deconstruction
  2638 | D:3      | Learned a level 4 spell: Petrify
  2662 | D:3      | Noticed Robin
  2678 | D:3      | Killed Robin
  2779 | D:3      | Reached XP level 6. HP: 32/37 MP: 15/15
  3060 | D:3      | Found an opulent altar of Gozag.
  3074 | D:3      | Found Gozag's Platinum Reserve.
  3655 | D:3      | Noticed Sigmund
  3672 | D:3      | Killed Sigmund
  3672 | D:3      | Reached skill level 5 in Spellcasting
  3985 | D:3      | Found a shadowy altar of Dithmenos.
  4006 | D:3      | Became a worshipper of Dithmenos the Shadowed
  4096 | D:4      | Reached skill level 5 in Earth Magic
  4096 | D:4      | Reached XP level 7. HP: 42/42 MP: 17/17
  4550 | D:5      | Entered Level 5 of the Dungeon
  5150 | D:5      | Reached skill level 6 in Spellcasting
  5479 | D:5      | Found a sacrificial altar of Ru.
  5504 | D:5      | Reached * piety under Dithmenos
  5628 | D:6      | Reached XP level 8. HP: 26/48 MP: 19/19
  5851 | D:6      | Reached skill level 5 in Fighting
  6367 | D:6      | Reached skill level 7 in Spellcasting
  6852 | D:6      | Found a white marble altar of Elyvilon.
  6857 | D:6      | Found a shimmering altar of Xom.
  7443 | D:7      | Noticed a hippogriff
  7444 | D:7      | Reached XP level 9. HP: 55/55 MP: 22/22
  7452 | D:6      | Reached ** piety under Dithmenos
  7562 | D:7      | Reached skill level 8 in Spellcasting
  7858 | D:7      | Found a staircase to the Ecumenical Temple.
  8173 | D:8      | Found a glowing golden altar of the Shining One.
  8388 | D:8      | Reached *** piety under Dithmenos
  8534 | D:8      | Found a bloodstained altar of Trog.
  8540 | D:8      | Found a shattered altar of Ashenzari.
  8540 | D:8      | Found a basalt altar of Yredelemnul.
  8542 | D:8      | Found a blossoming altar of Fedhas.
  8543 | D:8      | Found a shimmering blue altar of Sif Muna.
  8544 | D:8      | Found an ancient bone altar of Kikubaaqudgha.
  8545 | D:8      | Found an iron altar of Okawaru.
  8914 | D:9      | Noticed Pikel
  8921 | D:8      | Killed Pikel
  8921 | D:8      | Reached skill level 5 in Shields
  8921 | D:8      | Reached skill level 9 in Spellcasting
  9032 | D:9      | Reached XP level 10. HP: 55/64 MP: 25/25
  9158 | D:9      | Noticed a two-headed ogre
  9390 | D:9      | Killed a two-headed ogre
  9707 | D:9      | Found a staircase to the Lair.
 10069 | D:9      | Found a white marble altar of Elyvilon.
 10233 | D:10     | Entered Level 10 of the Dungeon
 10243 | D:10     | Noticed a two-headed ogre
 10266 | D:10     | HP: 2/65 [bullfrog (7)]
 10277 | D:10     | HP: 2/65 [two-headed ogre/+0 giant club (18)]
 10278 | D:10     | Demolished by a two-headed ogre

Levels and vault maps discovered:
D:1:      evilmike_arrival_hilbert_curve, layout_basic,
          chequers_serial_rivers_room_b, minmay_misc_feat_doors
D:2:      minmay_chambers_of_ones, layout_basic
D:3:      layout_loops_ring, nicolae_dithmenos_through_a_glass_darkly,
          nicolae_gozag_zags_fifth_avenue, uniq_sigmund, uniq_robin
D:4:      layout_basic
D:5:      layout_rooms, nicolae_ru_great_annihilating_truth, first_ration
D:6:      layout_cave_pods, grunt_temple_overflow_open, serial_park,
          serial_park_avenue1, serial_park_square1
          [serial_park_minivault_5x5_2], serial_park_tiny_2,
          serial_park_tiny_pond
D:7:      layout_rooms, minmay_temple_entry_enclosed_plants
D:8:      layout_basic, minitemple, hangedman_little_slice_of_home
D:9:      layout_cave_pools, erik_lair_orcish_takeover, minmay_misc_feat_room,
          hex_tiny, elyvilon_altar_1, uniq_pikel
D:10:     layout_gridville, orc_0_dummy, water_maze_lemuel

Skill      XL: |  1  2  3  4  5  6  7  8  9 10 |
---------------+-------------------------------+-----
Fighting       | 1 2 3 4 6 7 8 |  8.4
Spellcasting   | 4 5 6 7 9 |  9.8
Earth Magic    | 4 5 6 7 8 |  8.5
Shields        | 1 2 3 5 |  5.6
Dodging        | |  2.4
Stealth        | |  2.4
Transmutations | |  1.1

Action                   |  1- 3 |  4- 6 |  7- 9 | 10-12 || total
-------------------------+-------+-------+-------+-------++-------
Melee: Spear             |    68 |   101 |    34 |       ||   203
       Unarmed           |     6 |       |       |       ||     6
       Dagger            |       |       |   113 |    22 ||   135
 Cast: Sandblast         |    20 |    63 |    92 |    14 ||   189
       Stone Arrow       |       |     2 |    17 |    15 ||    34
       Lee's Rapid Decon |       |       |    30 |     9 ||    39
       Petrify           |       |       |     2 |     2 ||     4
Invok: Shadow Step       |       |       |       |     1 ||     1
Evoke: Wand              |       |       |     3 |     1 ||     4
  Use: Potion            |     2 |       |       |     6 ||     8
       Scroll            |       |       |     2 |     8 ||    10
 Stab: Sleeping          |     8 |     3 |     2 |       ||    13
       Distracted        |     1 |     1 |       |       ||     2
       Paralysed         |       |       |     1 |       ||     1
       Petrified         |       |       |     1 |       ||     1
  Eat: Chunk             |     2 |     7 |    18 |     4 ||    31
       Ration            |       |       |     2 |       ||     2
Armor: Robe              |     6 |    16 |    51 |     6 ||    79
Dodge: Dodged            |    58 |    78 |   213 |    25 ||   374
Block: Other             |       |       |    11 |     6 ||    17
       Reflection        |       |       |     1 |       ||     1
